 Dungeon Crawl Stone Soup version 0.30.0-18-gc0e69614cb (webtiles) character file.

Game seed: 4657798005852054904

276 jasper the Reanimator (level 6, -11/41 HPs)
             Began as a Demonspawn Necromancer on May 25, 2023.
             Mangled by a mummy (17 damage)
             ... in an ossuary.
             The game lasted 00:06:54 (4087 turns).

jasper the Reanimator (Demonspawn Necromancer)      Turns: 4087, Time: 00:06:55

Health: -11/41     AC:  4    Str:  9    XL:     6   Next: 4%
Magic:  9/9        EV: 12    Int: 18    God:
Gold:   143        SH:  0    Dex: 13    Spells: 3/9 levels left

rFire   . . .        (no weapon)
rCold   . . .        m - orb {*channel}
rNeg    . . .        u - +1 robe of Fun and Games {Slay+2}
rPois   .            (helmet restricted)
rElec   .            (no cloak)
rCorr   .            (no gloves)
SInv    +            h - +0 pair of boots
Will    .....        (no amulet)
Stlth   ++           j - ring of see invisible
HPRegen 1.26/turn    (no ring)
MPRegen 0.11/turn

%: channel magic (20%)
@: marked, studying Invocations
A: antennae 2, claws 1, powered by death 2
a: no special abilities


You were in an ossuary.
You visited 1 branch of the dungeon, and saw 4 of its levels.
You also visited: Ossuary.

You collected 143 gold pieces.

Inventory:

Hand Weapons
 c - a +0 dagger
 r - a +0 spear
 t - a +0 spear of protection
Missiles
 d - 5 boomerangs
 i - 12 poisoned darts
Armour
 a - a +0 robe
 h - a +0 pair of boots (worn)
 k - an orb of guile
 m - an orb of energy (worn)
 u - the +1 robe of Fun and Games (worn) {Slay+2}
   (You took it off a kobold on level 3 of the Dungeon)

   Slay:      It affects your accuracy & damage with ranged weapons and melee
   (+2).
Jewellery
 j - a ring of see invisible (left claw)
Wands
 y - a wand of mindburst (6)
Scrolls
 b - 2 scrolls of magic mapping
 e - 2 scrolls of identify
 f - 2 scrolls of enchant armour
 l - a scroll of teleportation
 v - a scroll of immolation
Potions
 g - a potion of invisibility {unknown}
 n - 2 potions of might {unknown}
 o - a potion of magic
 p - a potion of attraction {unknown}
 q - a potion of experience {unknown}
 s - 2 potions of heal wounds {unknown}


   Skills:
 - Level 1.7 Dodging
 - Level 1.7 Stealth
 * Level 0.1 Unarmed Combat
 - Level 2.0 Spellcasting
 - Level 8.0 Necromancy


You had 3 spell levels left.
You knew the following spells:

 Your Spells              Type           Power      Damage    Failure   Level
a - Necrotise             Necr           100%       1d9       4%          1
b - Vampiric Draining     Necr           30%        2d8       8%          3
c - Blink                 Tloc           2%         N/A       47%         2

Your spell library contained the following spells:

 Spells                   Type           Power      Damage    Failure   Level
 Ensorcelled Hibernation  Hex/Ice        2%         N/A       47%         2
 Lesser Beckoning         Tloc           2%         N/A       47%         2
 Momentum Strike          Conj/Tloc      2%         3d8       47%         2
 Spider Form              Tmut/Pois      1%         N/A       69%         3
 Vhi's Electric Charge    Tloc/Air       2%         N/A       69%         3
 Animate Dead             Necr           30%        N/A       19%         4
 Agony                    Necr           30%        N/A       38%         5
 Anguish                  Hex/Necr       8%         N/A       56%         4
 Arcjolt                  Conj/Air       0%         1d10      100%        5
 Fireball                 Conj/Fire      0%         3d3       100%        5
 Iskenderun's Battlesphe  Conj           1%         2d6       100%        5
 Conjure Ball Lightning   Conj/Air       0%         3x3d6     100%        6
 Orb of Destruction       Conj           0%         9d5       100%        7
 Maxwell's Capacitive Co  Air            0%         ∞         100%        8


Dungeon Overview and Level Annotations

Branches:
Dungeon (4/15)            Ossuary (1/1)
 Temple: D:4-7

Altars:
Ru
Xom

Annotations:
Ossuary Menkaure


Innate Abilities, Weirdness & Mutations

You have a pair of antennae on your head.
You have sharp fingernails.
You regenerate health from kills.


Message History

The goblin skeleton hits you but does no damage.
You barely miss the goblin skeleton.
The goblin skeleton is heavily damaged.
The gnoll skeleton closely misses you. The gnoll skeleton barely misses you.
You scratch the goblin skeleton.
You destroy the goblin skeleton!
A gnoll zombie comes into view.
The gnoll skeleton hits you but does no damage.
The gnoll skeleton hits you.
You take 2 damage, and have 39/41 hp.
The mummy closely misses you. The gnoll skeleton barely misses you.
Menkaure, Prince of Dust comes into view.
Health restored: 41 You scratch the mummy.
The mummy is lightly damaged.
The gnoll skeleton closely misses you.
You scratch the mummy but do no damage.
The mummy is lightly damaged.
Menkaure mumbles some strange words.
Menkaure seems to speed up.
The gnoll skeleton closely misses you. The mummy hits you!
You scratch the mummy.
The mummy is moderately damaged.
Menkaure calls on the powers of darkness!
Your body is wracked with pain!
An orc skeleton comes into view.
The gnoll skeleton hits you. The gnoll skeleton barely misses you.
The gnoll skeleton hits you but does no damage.
The mummy hits you!
* * * LOW HITPOINT WARNING * * *
You scratch the mummy.
The mummy is moderately damaged.
The gnoll skeleton misses you.
The gnoll skeleton hits you but does no damage.
The gnoll skeleton barely misses you.
You scratch the mummy.
The mummy is heavily damaged.
A gnoll zombie comes into view.
The mummy hits you!
You die...

##..##^...##..##
##..##..##..##..##
##..##..####..##..##
##..##..######..##..##
##..##..##....##..##..##
##..##..##..##..##..##..#
##..##..##..####.^##..##..
##..##..##ZZ## ##..##..##.
##..##..##Z@## ##..##..##
##..##..##ZM## ##..##..#
##..##..##ZZ# ##..##..
##..##^.##M.# ##..##.
##..##..##.Z# { ##..##
##..##..##.Z# ##..#
#..##..##...


{{{{{{{{{{{{ ##.. ..##..##########################.
.##.............................. You could see Menkaure (fast), a mummy, a
goblin zombie, 2 gnoll zombies, a hobgoblin skeleton, 3 gnoll skeletons and an
orc skeleton.

Vanquished Creatures
  A scorpion (D:4)
  A howler monkey (D:3)
  A mummy (Ossuary)
  4 adders
  A worm (D:4)
  A dart slug (D:4)
  5 orcs (D:4)
  5 bats
  8 endoplasms
  3 giant cockroaches
  14 goblins
  7 hobgoblins
  6 kobolds
  3 quokkas
  8 ball pythons
  3 frilled lizards
  4 gnoll skeletons (Ossuary)
  A gnoll zombie (Ossuary)
  3 goblin skeletons (Ossuary)
  5 goblin zombies (Ossuary)
  A hobgoblin skeleton (Ossuary)
  A hobgoblin zombie (Ossuary)
  6 kobold skeletons (Ossuary)
  4 kobold zombies (Ossuary)
  2 orc skeletons (Ossuary)
  6 orc zombies (Ossuary)
  6 rats
  2 rat skeletons (Ossuary)
  5 rat zombies (Ossuary)
117 creatures vanquished.

Vanquished Creatures (collateral kills)
  Robin (D:3)
  A hobgoblin (D:3)
  A ball python (D:2)
3 creatures vanquished.

Grand Total: 120 creatures vanquished

Notes
Turn   | Place    | Note
-------+----------+-------------------------------------------
     0 | D:1      | jasper the Demonspawn Necromancer began the quest for the
                  | Orb.
     0 | D:1      | Reached XP level 1. HP: 13/13 MP: 3/3
   370 | D:1      | Gained mutation: You regenerate a little health from kills.
                  | [demonic ancestry]
   370 | D:1      | Reached XP level 2. HP: 6/19 MP: 0/5
   380 | D:1      | Reached skill level 5 in Necromancy
  1646 | D:2      | Gained mutation: You regenerate health from kills. [demonic
                  | ancestry]
  1646 | D:2      | Reached XP level 3. HP: 24/24 MP: 3/6
  1650 | D:2      | Learned a level 3 spell: Vampiric Draining
  1872 | D:2      | Found a shimmering altar of Xom.
  2205 | D:2      | Reached skill level 6 in Necromancy
  2395 | D:3      | Noticed Robin
  2408 | D:3      | Discovered your monstrous ancestry.
  2408 | D:3      | Gained mutation: You have a pair of small antennae on your
                  | head. [demonic ancestry]
  2408 | D:3      | Reached XP level 4. HP: 30/30 MP: 1/7
  2443 | D:3      | Killed Robin
  2563 | D:3      | Identified the +1 robe of Fun and Games {Slay+2}
  2626 | D:3      | Learned a level 2 spell: Blink
  2657 | D:3      | Reached skill level 7 in Necromancy
  2658 | D:3      | Gained mutation: You have a pair of antennae on your head.
                  | [demonic ancestry]
  2658 | D:3      | Reached XP level 5. HP: 31/35 MP: 2/8
  3428 | D:4      | Found a sacrificial altar of Ru.
  3690 | D:4      | Found a sand-covered staircase.
  3696 | Ossuary  | Entered an ossuary
  3975 | Ossuary  | Reached skill level 8 in Necromancy
  4024 | Ossuary  | Gained mutation: You have sharp fingernails. [demonic
                  | ancestry]
  4024 | Ossuary  | Reached XP level 6. HP: 41/41 MP: 9/9
  4082 | Ossuary  | Noticed Menkaure
  4087 | Ossuary  | Mangled by a mummy

Illustrated notes

Levels and vault maps discovered:
D:1:      elethiomel_arrival_maze, layout_loops_corners, dk_noncrumbling_2
D:2:      layout_loops_ring, basic_altar
D:3:      layout_basic, shapermc_ecumenical_altar_petra, kennysheep_nub,
          uniq_robin
D:4:      minmay_general_purpose_star, layout_gridville,
          mainiacjoe_overflow_tiny_flanked, mainiacjoe_overflow_small_starburst,
          gammafunk_temple_overflow_wave, nicolae_ossuary_entry_plus
Ossuary:  ossuary_due_pyramid

Skill      XL: |  1  2  3  4  5 |
---------------+----------------+-----
Necromancy     | 5 6 7 8 |  8.0
Dodging        | |  1.7
Stealth        | |  1.7
Unarmed Combat | |  0.1
Spellcasting   | |  2.0

Action                     |  1- 3 |  4- 6 || total
---------------------------+-------+-------++-------
  Melee: Dagger            |    24 |       ||    24
         Spear             |       |   171 ||   171
         Unarmed           |       |    30 ||    30
   Cast: Necrotise         |    78 |    46 ||   124
         Vampiric Draining |       |     3 ||     3
    Use: Potion            |     1 |       ||     1
         Scroll            |       |     7 ||     7
   Stab: Distracted        |       |     1 ||     1
         Sleeping          |       |     1 ||     1
 Armour: Robe              |    17 |    77 ||    94
  Dodge: Dodged            |    43 |   126 ||   169
